 Dungeon Crawl Stone Soup version 0.22.1-6-g1668fe2 (webtiles) character file.

338 Kagorn the Covered (level 6, -2/34 HPs)
             Began as a Gargoyle Fighter on Jan 21, 2019.
             Was a Follower of Okawaru.
             Slain by an iguana (6 damage)
             ... on level 5 of the Dungeon.
             The game lasted 00:17:38 (3060 turns).

Kagorn the Covered (Gargoyle Fighter)               Turns: 3060, Time: 00:17:39

Health: -2/34      AC: 17    Str: 25    XL:     6   Next: 55%
Magic:  6/6        EV:  6    Int:  9    God:    Okawaru [*.....]
Gold:   251        SH: 10    Dex: 10    Spells: 5/5 levels left

rFire    + . .     SeeInvis .   a - +0 long sword
rCold    . . .     Gourm    .   c - +0 shield
rNeg     + . .     Faith    .   r - +0 chain mail
rPois    ∞         Spirit   .   (no helmet)
rElec    +         Reflect  .   (no cloak)
rCorr    .         Harm     .   e - +0 pair of gloves
MR       .....     Clarity  +   (no boots)
Stlth    ..........             (no amulet)
HPRegen  0.11/turn              (no ring)
MPRegen  0.10/turn              (no ring)

@: mighty
A: icy blue scales 1, clarity, fire resistance 1, frail 1, negative energy
resistance 1, electricity resistance, unbreathing, petrification resistance, rot
immunity, AC +4
a: Heroism, Renounce Religion


You were on level 5 of the Dungeon.
You worshipped Okawaru.
Okawaru was aware of your devotion.
You were not hungry.

You visited 1 branch of the dungeon, and saw 5 of its levels.

You collected 251 gold pieces.

Inventory:

Hand Weapons
 a - a +0 long sword (weapon)
 i - a +0 dagger of venom
Missiles
 o - 2 large rocks
Armour
 b - a +0 scale mail
 c - a +0 shield (worn)
 e - a +0 pair of gloves (worn)
 r - a +0 chain mail (worn)
Jewellery
 k - an uncursed ring of wizardry {unknown}
 t - an uncursed ring of ice {unknown}
Scrolls
 g - 4 scrolls of remove curse {unknown}
 p - a scroll of enchant armour {unknown}
 s - a scroll of blinking {unknown}
 v - a scroll of magic mapping {unknown}
 w - 3 scrolls of identify {unknown}
Potions
 d - a potion of might
 h - a potion of mutation
 j - 2 potions of lignification {unknown}
 l - a potion of brilliance
 m - a potion of haste {unknown}
 n - a potion of magic {unknown}
 q - 2 potions of heal wounds {unknown}
 u - a potion of cancellation {unknown}
Comestibles
 f - 6 rations


   Skills:
 + Level 4.0 Fighting
 * Level 3.4 Long Blades
 * Level 4.9 Armour
 + Level 1.4 Dodging
 + Level 2.3 Stealth
 + Level 4.1 Shields


You had 5 spell levels left.
You didn't know any spells.
Your spell library was empty.

Dungeon Overview and Level Annotations

Branches:
Dungeon (5/15)             Temple (0/1) D:4

Altars:
Okawaru
Qazlal
Ru


Innate Abilities, Weirdness & Mutations

You are resistant to torment.
Your stone body is resilient. (AC +4)
You are immune to poison.
You resist negative energy. (rN+)
You are resistant to electric shocks. (rElec)
You can survive without breathing.
You are immune to petrification.
You are immune to rotting.
You are partially covered in icy blue scales. (AC +2)
You possess an exceptional clarity of mind.
Your flesh is heat resistant. (rF+)
You are frail. (-10% HP)


Message History

The worker ant zombie bites you but does no damage.
The iguana bites you.
* * * LOW HITPOINT WARNING * * *
You block the orc's attack.
Unknown command.
Your shield prevents you from hitting the orc.
The orc is heavily wounded.
The worker ant zombie bites you but does no damage.
The iguana closely misses you. You block the orc's attack.
Unknown command.
Your shield and chain mail prevent you from hitting the orc.
The orc is heavily wounded.
The worker ant zombie bites you but does no damage.
You block the iguana's attack. The orc hits you but does no damage.
You slash the orc!
You kill the orc!
Okawaru accepts your kill.
You block the worker ant zombie's attack.
The iguana bites you.
You die...

... ... ###
.... ...###
.....
..$#####.....
#..........#
#....l..#
#...@)..#
#####...Z)..#
#?..........#
....###.......#
## #########


You could see an iguana and a worker ant zombie.

Vanquished Creatures
  An orc priest (D:4)
  An orc wizard (D:5)
  An iguana (D:4)
  4 worker ants (D:4)
  6 adders
  3 oozes
  An adder skeleton (D:4)
  3 worms
  A dart slug (D:1)
  2 leopard geckos
  5 orcs
  A ball python (D:3)
  7 bats
  4 giant cockroaches
  10 goblins
  9 hobgoblins
  3 jackals (D:3)
  2 quokkas
  2 frilled lizards (D:3)
  6 kobolds
  2 quokka skeletons (D:4)
  9 rats
83 creatures vanquished.

Notes
Turn   | Place    | Note
-------+----------+-------------------------------------------
     0 | D:1      | Kagorn the Gargoyle Fighter began the quest for the Orb.
     0 | D:1      | Reached XP level 1. HP: 14/14 MP: 1/1
    98 | D:1      | Reached XP level 2. HP: 17/19 MP: 2/2
   738 | D:2      | Reached XP level 3. HP: 15/23 MP: 3/3
   767 | D:2      | Gained mutation: You possess an exceptional clarity of
                  | mind. [potion of mutation]
   767 | D:2      | Gained mutation: You are frail. (-10% HP) [potion of
                  | mutation]
   767 | D:2      | Gained mutation: Your flesh is heat resistant. (rF+)
                  | [potion of mutation]
   767 | D:2      | Gained mutation: You are partially covered in icy blue
                  | scales. (AC +2) [potion of mutation]
  1102 | D:2      | Reached skill level 1 in Stealth
  1202 | D:2      | Reached XP level 4. HP: 25/25 MP: 4/4
  1701 | D:3      | Found a sacrificial altar of Ru.
  1881 | D:3      | Found an iron altar of Okawaru.
  1888 | D:3      | Reached skill level 1 in Dodging
  1888 | D:3      | Reached XP level 5. HP: 29/29 MP: 5/5
  1926 | D:3      | Became a worshipper of Warmaster Okawaru
  1967 | D:3      | Found a stormy altar of Qazlal.
  2516 | D:4      | Reached XP level 6. HP: 18/34 MP: 6/6
  2850 | D:4      | Found a staircase to the Ecumenical Temple.
  3038 | D:5      | Entered Level 5 of the Dungeon
  3056 | D:5      | Reached * piety under Okawaru
  3060 | D:5      | Slain by an iguana

Skill      XL: |  1  2  3  4  5  6 |
---------------+-------------------+-----
Long Blades    | 2 3 |  3.4
Stealth        | 1 2 |  2.3
Armour         | 4 |  4.9
Dodging        | 1 |  1.4
Shields        | 4 |  4.1
Fighting       | 4 |  4.0

Action                   |  1- 3 |  4- 6 || total
-------------------------+-------+-------++-------
Melee: Long sword        |   113 |   246 ||   359
  Use: Potion            |     2 |     1 ||     3
  Eat: Ration            |     2 |     1 ||     3
Armor: Scale mail        |   134 |    86 ||   220
       Chain mail        |       |   105 ||   105
Dodge: Dodged            |    58 |    98 ||   156
Block: Shield            |   109 |   172 ||   281
       Rpst.: Long sword |    28 |    31 ||    59
